 Dungeon Crawl Stone Soup version 0.27-a0-1319-geec4fb4e21 (webtiles) character file.

Game seed: 15258309193473731480

65 Gwenloh the Chopper (level 3, 0/45 HPs)
             Began as a Minotaur Gladiator on June 21, 2021.
             Slain by a ball python (1 damage)
             ... on level 4 of the Dungeon.
             The game lasted 00:03:49 (3222 turns).

Gwenloh the Chopper (Minotaur Gladiator)            Turns: 3222, Time: 00:03:49

Health: 0/45       AC:  3    Str: 24    XL:     3   Next: 92%
Magic:  2/2        EV:  9    Int:  5    God:
Gold:   103        SH:  0    Dex: 12    Spells: 2/2 levels left

rFire    . . .     SeeInvis .   a - +0 war axe
rCold    . . .     Faith    .   (no shield)
rNeg     . . .     Spirit   .   f - +0 leather armour
rPois    +         Reflect  .   c - +0 hat
rElec    .         Harm     .   (no cloak)
rCorr    .         Rampage  .   (no gloves)
Will     .....                  (no boots)
Stlth    ..........             n - amulet of regeneration
HPRegen  1.15/turn              t - ring of poison resistance
MPRegen  0.08/turn              u - +6 ring of strength

@: berserking, lethally poisoned (0 -> -2), constricted, very quick
A: horns 2, retaliatory headbutt
a: no special abilities


You were on level 4 of the Dungeon.
You visited 1 branch of the dungeon, and saw 4 of its levels.

You collected 103 gold pieces.

Inventory:

Hand Weapons
 a - a +0 war axe (weapon)
 b - a +0 hunting sling
Missiles
 d - 3 throwing nets (quivered)
 e - 12 sling bullets
 i - 19 arrows
 j - 168 stones
 k - 25 bolts
 p - 2 curare-tipped darts
Armour
 c - a +0 hat (worn)
 f - a +0 leather armour (worn)
Jewellery
 n - an amulet of regeneration (around neck)
 t - a ring of poison resistance (left hand)
 u - a +6 ring of strength (right hand)
Scrolls
 g - 3 scrolls of teleportation {unknown}
 h - 3 scrolls of identify {unknown}
 l - a scroll of noise {unknown}
 o - a scroll of magic mapping {unknown}
 s - a scroll of enchant armour {unknown}
Potions
 m - a potion of might {unknown}
 q - a potion of berserk rage
 r - a potion of attraction {unknown}


   Skills:
 - Level 2.4 Fighting
 + Level 5.9 Axes
 - Level 2.0 Throwing
 - Level 3.2 Dodging


You had 2 spell levels left.
You didn't know any spells.
Your spell library contained the following spells:

 Spells                   Type           Power      Damage    Failure   Level
 Magic Dart               Conj           0%         1d3       52%         1
 Blink                    Tloc           N/A        N/A       67%         2
 Call Imp                 Summ           0%         N/A       67%         2
 Searing Ray              Conj           0%         3d3       67%         2
 Slow                     Hex            0%         N/A       67%         2
 Conjure Flame            Conj/Fire      0%         6-21      88%         3
 Dazzling Flash           Conj/Hex       0%         N/A       88%         3
 Mephitic Cloud           Conj/Pois/Air  0%         N/A       88%         3
 Fulminant Prism          Conj/Hex       0%         3d6       99%         4
 Iskenderun's Mystic Bla  Conj/Tloc      0%         2d3       99%         4


Dungeon Overview and Level Annotations

Branches:
Dungeon (4/15)
 Temple: D:4-7

Altars:
Nemelex Xobeh
Yredelemnul

Shops:
D:3 [

Annotations:
D:3 1 runed translucent door


Innate Abilities, Weirdness & Mutations

You have a pair of horns on your head.
You reflexively headbutt those who attack you in melee.


Message History

The scorpion is heavily wounded.
You shoot a stone. The stone closely misses the scorpion.
You shoot a stone. The stone closely misses the scorpion.
A ball python comes into view.
You shoot a stone. The stone barely misses the scorpion.
The ball python hisses angrily.
The scorpion barely misses you. You furiously retaliate!
You headbutt the scorpion. You shoot a stone.
The stone hits the scorpion but does no damage.
The scorpion is heavily wounded.
The scorpion closely misses you.
a - a +0 war axe (weapon)
The scorpion closely misses you.
You slash the scorpion!
The scorpion is almost dead.
The scorpion stings you.
You hit the scorpion.
The scorpion is almost dead.
The scorpion stings you! The ball python bites you. The ball python grabs you.
The ball python constricts you. The scorpion stings you!
You are poisoned.
The scorpion poisons you!
You are too injured to fight recklessly!
You are too injured to fight recklessly!
You completely miss the scorpion.
The scorpion is almost dead.
You barely miss the ball python.
You feel very sick. The ball python closely misses you.
You furiously retaliate!
You headbutt the ball python, but do no damage.
* * * LOW HITPOINT WARNING * * *
The ball python constricts you. The scorpion stings you.
* * * LOW HITPOINT WARNING * * *
It was a potion of berserk rage.
A red film seems to cover your vision as you go berserk!
You feel yourself moving faster!
You feel mighty!
You feel sick. The ball python bites you.
* * * LOW HITPOINT WARNING * * *
You die...

#.....<...# #.........+
###########.###..###
#.....#..##'###...##
#.....+.........§§§.
#.....#..........§§§..
+##.....##'#######+.....
..............# .####
(.....s@......# ##
.......S......#
.(............#
..............#
(.....#+####.... ......
..... ...... .....
......


You could see a scorpion and a ball python.

Vanquished Creatures
  An adder (D:3)
  2 worms (D:2)
  A dart slug (D:3)
  A bat (D:3)
  4 endoplasms
  4 giant cockroaches
  4 goblins
  6 hobgoblins
  4 kobolds
  3 quokkas
  6 ball pythons
  2 frilled lizards (D:1)
  A goblin zombie (D:3)
  5 rats
44 creatures vanquished.

Notes
Turn   | Place    | Note
-------+----------+-------------------------------------------
     0 | D:1      | Gwenloh the Minotaur Gladiator began the quest for the Orb.
     0 | D:1      | Reached XP level 1. HP: 18/18 MP: 0/0
   196 | D:1      | Reached skill level 4 in Axes
   606 | D:1      | Reached XP level 2. HP: 25/25 MP: 1/1
  1568 | D:2      | Found a faded altar of an unknown god.
  1852 | D:2      | Reached skill level 5 in Axes
  2231 | D:2      | Reached XP level 3. HP: 30/30 MP: 2/2
  2264 | D:2      | Found a sparkling altar of Nemelex Xobeh.
  2729 | D:3      | Noticed a human
  2738 | D:3      | Found a runed translucent door.
  2741 | D:3      | Found a basalt altar of Yredelemnul.
  2894 | D:3      | Found Asaebok's Antique Armour Shop.
  3212 | D:4      | Noticed a scorpion
  3222 | D:4      | HP: 1/45 [ball python (3)]
  3222 | D:4      | Slain by a ball python

Illustrated notes

Levels and vault maps discovered:
D:1:      minmay_arrival_wavy_path, layout_basic, hangedman_feature_mirror
D:2:      layout_basic, basic_altar, hellmonk_ecumenical_altar_slurped_away,
          minmay_tiny_reverse_x
D:3:      layout_basic, dk_yredelemnul_ordeal, serial_shops, shop
D:4:      layout_gridville, beargit_hepliaklqana_dungeon_heroes, uniq_duvessa,
          uniq_pikel, uniq_natasha

Skill      XL: |  1  2 |
---------------+-------+-----
Axes           | 4 5 |  5.9
Fighting       | |  2.4
Throwing       | |  2.0
Dodging        | |  3.2

Action                   || total
-------------------------++-------
Melee: War axe           ||    44
       Headbutt          ||     1
 Fire: Hunting sling     ||   110
  Use: Potion            ||     1
Armor: Leather armour    ||    12
Dodge: Dodged            ||    35

Table legend: (Time is in decaauts)
 A = Elapsed time spent in this place.
 B = Non-inter-level travel time spent in this place.
 C = Inter-level travel time spent in this place.
 D = Time resting spent in this place.
 E = Time spent auto-exploring this place.
 F = Levels seen in this place.
 G = Mean time per level.
                   A        B        C        D        E       F      G
               +--------+--------+--------+--------+--------+-----+--------+
         Total |   3234 |   3077 |    157 |    261 |   2484 |   4 |  808.5 |
       Dungeon |   3234 |   3077 |    157 |    261 |   2484 |   4 |  808.5 |
               +--------+--------+--------+--------+--------+-----+--------+

Top non-repeatable levels by time:
     D:1: 1368 daAuts
     D:2: 1340 daAuts
     D:3: 495 daAuts
     D:4: 30 daAuts
